AoeStats
← éomer

Arena

510295046Analyzed
1v1 RM · 21h ago on Sep 30, 2026· 58m 55s· 2 players
Game mode
Random Map
Map size
Tiny (2 player)
Population
200
Speed
Normal
Resources
Standard
Victory
Conquest
Starting age
Dark Age
Ending age
Imperial Age
RankedLock teamsTeams togetherTeam positionsShared explorationLock speedFull tech treeHidden civsTurbo modeCheats
Victory
Defeat
🇹🇷 Dravidians · Türkiye
1679
+27
🇦🇷 Mongols · Argentina
1973
-27
éomer
10:49 Feudal Age
12:08 Double-Bit Axe
14:57 Castle Age
13:54 Horse Collar
16:37 Bow Saw
18:31 Husbandry
22:38 Wheelbarrow
27:56 Imperial Age
25:43 Loom
26:16 Hand Cart
26:41 Fletching
26:52 Padded Archer Armor
27:13 Ballistics
27:42 Bodkin Arrow
27:11 Elite Skirmisher
27:56 Town Watch
29:25 Heavy Plow
30:45 Chemistry
29:46 Bracer
31:29 Conscription
31:26 Leather Archer Armor
33:31 Masonry
33:25 Gold Mining
33:50 Medical Corps
34:04 Stone Mining
35:03 Thumb Ring
35:16 Guilds
36:00 Ring Archer Armor
37:48 Fortified Wall
41:10 Two-Man Saw
40:04 Elite Elephant Archer
41:52 Scale Barding Armor
41:58 Forging
42:53 Chain Barding Armor
41:54 Light Cavalry
43:51 Wootz Steel
44:08 Iron Casting
45:50 Blast Furnace
45:55 Hoardings
47:40 Herbal Medicine
51:33 Murder Holes
[AirBo]空氣包
9:59 Feudal Age
14:04 Castle Age
12:14 Double-Bit Axe
12:36 Horse Collar
15:12 Husbandry
19:59 Bow Saw
20:20 Heavy Plow
23:03 Wheelbarrow
25:10 Hand Cart
29:21 Imperial Age
27:25 Gold Mining
27:53 Bloodlines
28:43 Gold Shaft Mining
29:48 Scale Barding Armor
30:17 Loom
29:59 Elite Steppe Lancer
30:39 Town Watch
31:52 Chain Barding Armor
32:51 Chemistry
33:27 Forging
34:01 Siege Engineers
35:03 Iron Casting
34:50 Masonry
35:10 Light Cavalry
36:59 Conscription
37:04 Fletching
37:32 Padded Archer Armor
38:17 Hussar
39:02 Bodkin Arrow
38:42 Elite Skirmisher
39:41 Leather Archer Armor
40:13 Bracer
42:19 Blast Furnace
44:46 Thumb Ring
45:07 Parthian Tactics
45:53 Drill
45:17 Crossbowman
46:48 Heavy Scorpion
52:25 Murder Holes
52:51 Ballistics
Connection lost

Rejoining the realm…

Still unreachable

The connection could not be restored.

Session expired

The server has moved on; the page needs a fresh start.